Map: Tokamak LE

Players

lowmountain

  • Race: Zerg Zerg
  • League: Diamond
  • Spawn Location: 7:00

ManlyManMeat - Winner!

  • Race: Zerg Zerg
  • League: Diamond
  • Spawn Location: 1:00

VOD

Have the link to the VOD?

Description

Time

  • Played on: July 5, 2025, 9:20 a.m.
  • Length: 12:45
Show
View Real Time Build Order
Export as new Build Order

lowmountain Zerg 

Build Orders: Pool First 

Get SALT Encoding   

  12  0:00  Drone  
  13  0:10  Drone  
  14  0:28  Spawning Pool  
  13  0:29  Drone  
  14  0:38  Overlord  
  14  0:45  Overlord  
  15  0:57  Drone  
  15  1:16  Zergling x6  
  18  1:24  Hatchery  
  17  1:27  Zergling x2  
  18  1:44  Zergling x2  
  18  1:45  Queen  
  21  1:53  Zergling x2  
  22  2:04  Zergling x2  
  23  2:14  Zergling x2  
  23  2:20  Queen  
  23  2:27  Zergling x2  
  23  2:31  Extractor  
  23  2:32  Zergling x2  
  23  2:37  Zergling x2  
  23  2:40  Queen  
  23  2:43  Drone  
  27  2:53  Drone x3  
  30  3:05  Roach Warren  
  29  3:12  Drone x2  
  31  3:16  Zergling x2  
  32  3:26  Drone  
  33  3:28  Zergling x2  
  33  3:32  Overlord  
  34  3:38  Zergling x2  
  35  3:51  Zergling x2  
  35  3:52  Roach x2  
  40  4:04  Roach x2  
  44  4:12  Drone, Extractor  
  44  4:21  Overlord x2  
  44  4:29  Lair  
  44  4:42  Drone x4  
  48  4:50  Drone x2  
  50  4:55  Roach  
  50  4:59  Roach  
  54  5:04  Roach  
  56  5:17  Drone x4  
  60  5:24  Overlord x2  
  60  5:43  Roach x3  
  60  5:44  Roach x2  
  70  5:54  Overseer  
  70  5:59  Drone x5  
  75  6:07  Extractor  
  75  6:10  Extractor  
  75  6:18  Roach  
  75  6:20  Overlord x3  
  75  6:25  Overlord  
  75  6:31  Spine Crawler  
  74  6:35  Spine Crawler  
  74  6:39  Spine Crawler, Roach  
  74  6:40  Roach  
  74  6:43  Drone  
  74  6:44  Drone  
  76  6:57  Roach x3  
  76  6:58  Roach  
  76  7:01  Roach  
  75  7:25  Roach x2  
  75  7:26  Roach x4  
  87  7:32  Spire  
  86  7:38  Drone x3  
  86  7:39  Roach  
  91  8:03  Overlord x2  
  91  8:04  Overlord  
  91  8:30  Zergling x2  
  91  8:31  Zergling x10  
  91  8:32  Zergling x6  
  100  8:36  Zergling x2  
  101  8:44  Mutalisk  
  101  8:45  Mutalisk x3  
  109  8:52  Mutalisk  
  109  8:53  Mutalisk  
  109  8:54  Mutalisk  
  115  9:11  Mutalisk x2  
  101  9:25  Mutalisk x2  
  81  9:31  Zergling x2  
  81  9:32  Zergling x12  
  68  9:44  Roach x2  
  39  10:06  Mutalisk x2  
  33  10:19  Drone x3  
  36  10:37  Zergling x2  
  36  10:45  Spine Crawler  
  31  10:51  Drone x2  
  33  11:03  Drone  
  32  11:32  Drone x2  
  32  11:46  Drone x2  
  34  12:03  Drone  
  35  12:11  Drone  
Show
View Real Time Build Order
Export as new Build Order

ManlyManMeat Zerg - Winner!

Build Orders: Hatch First 

Get SALT Encoding   

  12  0:00  Drone  
  13  0:09  Drone  
  14  0:17  Extractor  
  14  0:18  Drone  
  15  0:22  Overlord  
  15  0:41  Drone  
  16  0:49  Drone  
  17  0:51  Hatchery  
  17  0:55  Drone  
  17  0:57  Drone  
  18  1:09  Extractor  
  17  1:13  Spawning Pool  
  17  1:15  Drone  
  17  1:19  Drone  
  18  1:26  Drone  
  19  1:36  Drone  
  20  2:01  Zergling x4  
  22  2:02  Queen  
  22  2:03  Queen  
  22  2:08  Overlord  
  26  2:14  Zergling x2  
  23  2:26  Zergling x2  
  23  2:28  Drone  
  24  2:36  Drone x2  
  26  2:37  Drone  
  27  2:51  Drone x2  
  29  2:55  Drone  
  29  2:57  Metabolic Boost  
  30  3:03  Drone x2  
  32  3:21  Drone x2, Overlord x2  
  32  3:26  Drone x2  
  36  3:32  Baneling Nest  
  35  3:42  Drone x2  
  35  3:43  Drone x3  
  35  3:44  Drone  
  35  3:47  Drone  
  42  4:01  Zergling x10  
  46  4:10  Roach Warren  
  46  4:11  Drone x2, Extractor  
  46  4:29  Drone x2  
  48  4:31  Baneling x2  
  48  4:32  Baneling  
  48  4:34  Overlord  
  48  4:36  Overlord  
  48  4:52  Drone x2  
  50  4:56  Roach x2  
  50  4:57  Roach x2  
  58  5:05  Drone  
  59  5:07  Drone, Extractor  
  59  5:08  Extractor  
  58  5:14  Lair  
  58  5:26  Roach x4  
  66  5:28  Hatchery  
  65  5:37  Overlord x4  
  65  5:46  Roach  
  67  5:52  Evolution Chamber  
  66  6:03  Roach x9  
  84  6:21  Glial Reconstitution  
  84  6:29  Roach x3  
  84  6:31  Drone x2  
  84  6:32  Drone  
  93  6:33  Drone x3  
  96  6:56  Roach x4  
  96  6:57  Overlord x4  
  104  7:03  Zerg Missile Weapons Level 1  
  90  7:23  Roach x8  
  106  7:31  Roach x6  
  118  7:44  Ravager  
  118  7:45  Ravager  
  118  7:46  Zergling x12  
  126  7:52  Ravager  
  128  7:58  Drone x2  
  128  7:59  Drone x4, Overlord x2  
  128  8:00  Overlord  
  133  8:24  Roach  
  133  8:25  Roach x8  
  149  8:29  Ravager x2  
  149  8:32  Roach  
  149  8:33  Roach x2  
  157  8:50  Ravager  
  157  8:51  Ravager  
  159  9:02  Zergling x6  
  162  9:04  Zerg Ground Armor Level 1  
  162  9:23  Roach x5  
  160  9:28  Roach x3  
  160  9:29  Roach x4  
  157  9:32  Spore Crawler x2  
  157  9:34  Spore Crawler  
  120  10:11  Hydralisk Den  
  120  10:12  Extractor  
  120  10:13  Extractor  
  50  10:52  Hydralisk x9  
  64  10:58  Hydralisk x6  
  76  11:12  Hydralisk x3  
  82  11:19  Hatchery  
  78  11:31  Hatchery  
  77  11:35  Muscular Augments  
  77  11:38  Hydralisk x6  
  89  11:40  Zergling x8  
  91  12:18  Hydralisk x8  
  91  12:19  Zergling x8  
  111  12:27  Zergling x12  
Tags
 
Matchup
ZvZ
Race
Zerg
Replay Pack
Myownreplay2
Spawn Locations
Cross Positions
Add a new tag
Caveats
  • Supply blocks, unpowered buildings, or Contaminate may cause inaccurate times.
  • Supply counts are checked every 10 seconds.